 Dungeon Crawl Stone Soup version 0.22-a0-587-g7d32d7c (webtiles) character file.

9057 royokou the Severer (level 11, -2/151 HPs)
             Began as a Hill Orc Fighter on July 4, 2018.
             Was an Elder of Beogh.
             Slain by a death yak (17 damage)
             ... on level 10 of the Dungeon.
             The game lasted 00:39:22 (11356 turns).

royokou the Severer (Hill Orc Fighter)             Turns: 11356, Time: 00:39:23

Health: -2/151     AC: 25    Str: 20    XL:     11   Next: 40%
Magic:  11/11      EV:  2    Int:  8    God:    Beogh [****..]
Gold:   443        SH: 12    Dex: 13    Spells: 10/10 levels left

rFire    . . .     SeeInvis .   a - +0 war axe
rCold    . . .     Gourm    .   c - +0 shield
rNeg     + + +     Faith    .   (armour currently unavailable)
rPois    +         Spirit   .   (helmet currently unavailable)
rElec    .         Reflect  .   (cloak currently unavailable)
rCorr    .         Harm     .   (gloves currently unavailable)
MR       +....     NoTele   +   (boots currently unavailable)
Stlth    +.........             (no amulet)
HPRegen  0.35/turn              p - +4 ring of evasion
MPRegen  0.12/turn              i - ring of protection from magic

@: tree-form
A: no striking features
a: Smiting, Recall Orcish Followers, Renounce Religion


You were on level 10 of the Dungeon.
You worshipped Beogh.
Beogh was greatly pleased with you.
You were not hungry.
You were a tree.
You visited 1 branch of the dungeon, and saw 11 of its levels.

You collected 443 gold pieces.

Inventory:

Hand Weapons
 a - a +0 war axe (weapon)
 K - a +0 shortbow
Armour
 c - a +0 shield (worn)
 g - a +1 pair of boots (melded)
 I - a +3 plate armour of fire resistance (melded)
Jewellery
 b - an uncursed ring of flight
 i - a ring of protection from magic (right branch)
 j - an uncursed ring of resist corrosion
 p - a +4 ring of evasion (left branch)
 z - an uncursed ring of fire
Wands
 u - a wand of disintegration (6)
 E - a wand of paralysis (15)
 F - a wand of flame (30)
 G - a wand of random effects (27)
Scrolls
 r - 2 scrolls of amnesia
 s - 2 scrolls of teleportation {unknown}
 w - 2 scrolls of fear
 y - 2 scrolls of identify
 B - a scroll of remove curse
 C - 2 scrolls of magic mapping
 D - 2 scrolls of enchant armour
 J - a scroll of fog {unknown}
Potions
 d - 3 potions of might
 e - 6 potions of flight
 k - a potion of ambrosia
 l - 6 potions of agility
 m - a potion of invisibility
 n - 5 potions of degeneration {unknown}
 o - 2 potions of lignification
 q - 2 potions of curing
 t - a potion of berserk rage {unknown}
 v - a potion of heal wounds {unknown}
 x - a potion of cancellation {unknown}
 A - a potion of haste {unknown}
 H - a potion of brilliance {unknown}
Comestibles
 f - 21 rations


   Skills:
 + Level 10.4 Fighting
 - Level 16.1 Axes
 - Level 3.2 Armour
 + Level 9.6 Shields


You had 10 spell levels left.
You didn't know any spells.
Your spell library contained the following spells:

 Spells                   Type           Power        Failure   Level  Hunger
 Summon Small Mammal      Summ           #...         65%         1    ##.....
 Summon Ice Beast         Ice/Summ       #.......     100%        4    #####..
 Call Imp                 Summ           #.......     78%         2    ###....
 Call Canine Familiar     Summ           #.......     95%         3    ####...
 Summon Lightning Spire   Summ/Air       #.......     100%        4    #####..
 Summon Guardian Golem    Hex/Summ       #.......     95%         3    ####...


Dungeon Overview and Level Annotations

Branches:
Dungeon (11/15)            Temple (0/1) D:4            Lair (0/6) D:11
    Orc: D:9-12

Altars:
Ashenzari
Dithmenos
Gozag
Okawaru
Sif Muna
Trog
Uskayaw
Xom

Annotations:
D:9 3 runed doors, MongoFromTheCongo's ghost, novice MiGl


Message History

Your orc warrior completely misses the death yak.
The death yak gores your orc warrior!
Your orc warrior hits the death yak but does no damage.
The death yak gores your orc warrior!! x2
Your orc warrior dies!
The death yak gores you!
* * * LOW HITPOINT WARNING * * *
Okay, then.
Okay, then.
It was a potion of lignification.
You turn into a tree.
Your +1 pair of boots melds into your body.
Your +3 plate armour of fire resistance melds into your body.
You feel less resistant to fire.
Your roots penetrate the ground.
The death yak gores you but does no damage.
You hit the death yak but do no damage.
The death yak is moderately wounded.
The death yak gores you!
* * * LOW HITPOINT WARNING * * *
The death yak gores you!
You die...

.....#.#.#............##.#
.....#.#.#.#.#...##..[##.#
.....#.#.#.#......#......#
######.#.#o###....#.#.####
#.#.#o##.....#.#.# ####
#.#.#o##...###.#.#
...###'#'#o##.....#.#o#
##.#.ooooo.####).##Y#.#
..o#o..o...##..>♣##.#.###
...'.......#####YY..#.o.#
...#......## #....###.#
...######.# #.##.#.o.###
##...###### #..........#
###...## ##.#...###.#
##[..# #.#.### #o#
###o..## #.#.# #.#
##oo.### #...#####.####


You could see 2 death yaks.

Vanquished Creatures
  2 death yaks (D:11)
  Pikel (D:5)
  A deep elf mage (D:9)
  A gargoyle (D:9)
  2 hippogriffs
  5 yaks
  2 hungry ghosts
  2 water moccasins
  A hornet zombie (D:9)
  3 black bears
  2 orc warriors
  3 phantoms
  An eye of draining (D:7)
  A slave (D:5)
  9 ogres
  2 big kobolds
  Blork the orc (D:4)
  8 bullfrogs
  3 scorpions
  A howler monkey (D:6)
  4 crimson imps
  3 centaur zombies (D:6)
  5 hounds
  A gnoll shaman (D:6)
  3 bullfrog zombies
  3 jellies
  2 bullfrog skeletons
  6 orc priests
  8 orc wizards
  6 worker ants
  A hound zombie (D:6)
  A howler monkey zombie (D:6)
  A worker ant zombie (D:7)
  8 gnolls
  11 adders
  A shadow imp (D:6)
  3 worms
  3 dart slugs
  6 leopard geckos
  22 orcs
  7 giant cockroaches
  4 goblins
  12 hobgoblins
  7 jackals (D:5)
  4 quokkas
  2 ball pythons (D:1)
  5 bats
  6 frilled lizards
  A giant cockroach zombie (D:4)
  2 jackal zombies
  9 kobolds
  A leopard gecko skeleton (D:6)
  A leopard gecko zombie (D:6)
  A quokka zombie (D:6)
  6 rats
217 creatures vanquished.

Vanquished Creatures (collateral kills)
  A two-headed ogre (D:9)
  A hippogriff (D:9)
  5 yaks
  A hungry ghost (D:10)
  An orc warrior (D:10)
  An ogre (D:10)
  3 centaurs (D:9)
  A scorpion (D:9)
  A killer bee (D:9)
  A crimson imp (D:10)
  A jelly (D:10)
  2 orc priests (D:10)
  A centaur skeleton (D:8)
  A hound skeleton (D:10)
  A worker ant zombie (D:9)
  4 adders
  A leopard gecko (D:9)
  3 orcs
  A kobold (D:9)
31 creatures vanquished.

Vanquished Creatures (others)
  An orc knight (D:10)
  3 orc warriors (D:10)
  2 orc wizards (D:9)
  2 orc priests
  Jessica (D:2)
  A hound zombie (D:5)
  10 orcs
  A goblin (D:2)
  A rat (D:2)
22 creatures vanquished.

Grand Total: 270 creatures vanquished

Notes
Turn   | Place    | Note
-------+----------+-------------------------------------------
     0 | D:1      | royokou the Hill Orc Fighter began the quest for the Orb.
     0 | D:1      | Reached XP level 1. HP: 19/19 MP: 1/1
    76 | D:1      | Reached skill level 3 in Axes
   168 | D:1      | Reached XP level 2. HP: 26/26 MP: 2/2
   200 | D:1      | Reached skill level 4 in Axes
   531 | D:1      | Reached XP level 3. HP: 27/31 MP: 3/3
   717 | D:2      | Reached skill level 5 in Axes
   801 | D:2      | Became a worshipper of Beogh the Brigand
   866 | D:2      | Reached XP level 4. HP: 38/39 MP: 4/4
   936 | D:2      | Reached skill level 6 in Axes
  1017 | D:2      | Killed Jessica
  1524 | D:3      | Reached XP level 5. HP: 43/45 MP: 5/5
  1671 | D:3      | Found a bloodstained altar of Trog.
  1948 | D:3      | Found a shattered altar of Ashenzari.
  1975 | D:3      | Reached skill level 7 in Axes
  2392 | D:4      | Reached * piety under Beogh
  2420 | D:4      | Noticed Blork the orc
  2439 | D:4      | Killed Blork the orc
  2439 | D:4      | Reached skill level 8 in Axes
  2439 | D:4      | Reached XP level 6. HP: 26/51 MP: 6/6
  2532 | D:4      | Found a deep blue altar of Sif Muna.
  2665 | D:4      | Found a staircase to the Ecumenical Temple.
  2714 | D:4      | Reached skill level 9 in Axes
  2999 | D:4      | Reached XP level 7. HP: 51/57 MP: 7/7
  3041 | D:4      | Found a shattered altar of Ashenzari.
  3256 | D:4      | Reached skill level 10 in Axes
  4031 | D:4      | Reached skill level 11 in Axes
  4106 | D:5      | Entered Level 5 of the Dungeon
  4257 | D:5      | Found a shimmering altar of Xom.
  4299 | D:5      | Reached XP level 8. HP: 53/64 MP: 8/8
  4412 | D:5      | Noticed Pikel
  4447 | D:5      | Killed Pikel
  4447 | D:5      | Reached skill level 13 in Axes
  4700 | D:5      | Reached ** piety under Beogh
  4731 | D:5      | Found an iron altar of Okawaru.
  5589 | D:6      | Reached XP level 9. HP: 66/71 MP: 9/9
  5679 | D:6      | Reached skill level 14 in Axes
  5874 | D:6      | Found an opulent altar of Gozag.
  5914 | D:6      | Found a hide-covered altar of Uskayaw.
  5976 | D:6      | Reached *** piety under Beogh
  6471 | D:7      | Reached skill level 5 in Fighting
  6659 | D:7      | Found a bloodstained altar of Trog.
  6805 | D:7      | Reached skill level 5 in Shields
  7248 | D:8      | Reached skill level 15 in Axes
  7883 | D:8      | Reached XP level 10. HP: 83/83 MP: 10/10
  8762 | D:9      | Found a shadowy altar of Dithmenos.
  8810 | D:9      | Noticed a gargoyle
  8823 | D:9      | Killed a gargoyle
  8842 | D:9      | Reached **** piety under Beogh
  9071 | D:9      | Found a runed gate.
  9071 | D:9      | Found a runed gate.
  9071 | D:9      | Found a runed gate.
  9309 | D:9      | Noticed a two-headed ogre
  9322 | D:9      | Killed a two-headed ogre
  9322 | D:9      | Reached skill level 16 in Axes
  9794 | D:9      | Noticed a deep elf mage
  9802 | D:9      | Killed a deep elf mage
  9950 | D:9      | Noticed MongoFromTheCongo's ghost (novice MiGl)
 10176 | D:10     | Entered Level 10 of the Dungeon
 10445 | D:10     | Reached XP level 11. HP: 97/97 MP: 11/11
 10533 | D:10     | Found a shimmering altar of Xom.
 11019 | D:11     | Noticed a death yak
 11022 | D:11     | Found a staircase to the Lair.
 11022 | D:11     | Noticed a death yak
 11025 | D:11     | Noticed a death yak
 11026 | D:11     | Noticed a death yak
 11294 | D:11     | Noticed a death yak
 11299 | D:11     | Noticed a two-headed ogre
 11312 | D:11     | Killed a death yak
 11312 | D:11     | Reached skill level 10 in Fighting
 11324 | D:11     | Killed a death yak
 11356 | D:10     | Slain by a death yak

Vault maps used:
D:1:      lemuel_arrival_behind_the_door_large
D:2:      uniq_jessica
D:3:      lemuel_round_altar, cheibrodos_ashenzari_chains
D:4:      lemuel_round_altar, led_sif_pool, minmay_temple_entry_junction_2,
          uniq_blork_the_orc
D:5:      lemuel_round_altar, first_ration, okawaru_gym_becter, uniq_pikel
D:6:      eat_drink_and_be_merry_uskayaw, grunt_gozag_breadcrumbs,
          serial_undead, serial_undead_b, serial_undead_b, serial_undead_e,
          serial_undead_c, serial_undead_e, serial_undead_c
D:7:      trog_eyes_of_draining
D:8:      blue_anna_alchemist
D:9:      kennysheep_windowed_halls, basic_altar, gammafunk_ghost_spectres,
          hangedman_decor_diamond_cutter
D:10:     serial_curves, eino_curves_03, eino_curves_03, basic_altar
D:11:     dpeg_lair_monsters, david_orc_2, serial_bayou_crossing

Skill      XL: |  1  2  3  4  5  6  7  8  9 10 11 |
---------------+----------------------------------+-----
Axes           | 3 4 5 6 8 9 11 13 15 16 | 16.1
Fighting       | 6 9 10 | 10.4
Shields        | 5 8 9 |  9.6
Armour         | |  3.2

Action                   |  1- 3 |  4- 6 |  7- 9 | 10-12 || total
-------------------------+-------+-------+-------+-------++-------
Melee: War axe           |    88 |   203 |   431 |   282 ||  1004
Invok: Convert to Beogh  |     1 |       |       |       ||     1
  Use: Potion            |     2 |     1 |       |     1 ||     4
       Scroll            |       |     7 |     3 |       ||    10
 Stab: Distracted        |       |       |       |     2 ||     2
  Eat: Chunk             |       |     7 |    14 |     5 ||    26
       Ration            |       |       |       |     3 ||     3
Armor: Scale mail        |    31 |    27 |       |       ||    58
       Chain mail        |       |    52 |   170 |    55 ||   277
       Plate armour      |       |       |       |    35 ||    35
       Skin              |       |       |       |     1 ||     1
Dodge: Dodged            |    30 |    76 |    94 |    69 ||   269
Block: Shield            |    43 |    94 |   182 |   116 ||   435

Table legend:
 A = Spawn XP
 B = Non-spawn XP
 C = Spawn XP percentage of total XP
 D = Spawn monster count
 E = Non-spawn monster count
 F = Spawn count percentage of total count
 G = Total turns spent on level
                    A         B        C        D         E        F      G
               +---------+---------+-------+---------+---------+-------+---------
         Total |       0 |   12939 |   0.0 |       0 |     247 |   0.0 | 11356
               +---------+---------+-------+---------+---------+-------+---------
           D:1 |       0 |      35 |   0.0 |       0 |      23 |   0.0 |   662
           D:2 |       0 |      98 |   0.0 |       0 |      17 |   0.0 |   917
           D:3 |       0 |     137 |   0.0 |       0 |      27 |   0.0 |   899
           D:4 |       0 |     816 |   0.0 |       0 |      30 |   0.0 |  1743
           D:5 |       0 |    1101 |   0.0 |       0 |      20 |   0.0 |  1347
           D:6 |       0 |     937 |   0.0 |       0 |      35 |   0.0 |   794
           D:7 |       0 |     990 |   0.0 |       0 |      13 |   0.0 |  1130
           D:8 |       0 |    1201 |   0.0 |       0 |      19 |   0.0 |  1053
           D:9 |       0 |    3753 |   0.0 |       0 |      34 |   0.0 |  1872
          D:10 |       0 |    2151 |   0.0 |       0 |      26 |   0.0 |   885
          D:11 |       0 |    1720 |   0.0 |       0 |       3 |   0.0 |    54
               +---------+---------+-------+---------+---------+-------+---------
